Workbook

Sheet Summary
A1: HVAC Equipment Markup Calculator
A2: Indicators and scenario comparisons calculated from the prepared Quote Lines range.
A3: Current Quote Indicators | B3: Value
A4: Entered Lines | B4: =COUNT('Quote Lines'!$A$6:$A$105)
A5: Equipment Cost | B5: =IF($B$4=0,"",SUM('Quote Lines'!$O$6:$O$105))
A6: Labor Cost | B6: =IF($B$4=0,"",SUM('Quote Lines'!$P$6:$P$105))
A7: Total Cost | B7: =IF($B$4=0,"",SUM('Quote Lines'!$Q$6:$Q$105))
A8: Suggested Price | B8: =IF($B$4=0,"",SUM('Quote Lines'!$T$6:$T$105))
A9: Gross Profit | B9: =IF($B$4=0,"",SUM('Quote Lines'!$U$6:$U$105))
A10: Gross Margin | B10: =IF($B$4=0,"",IFERROR($B$9/$B$8,""))
A11: Lines Needing Review | B11: =IF($B$4=0,"",COUNTIF('Quote Lines'!$X$6:$X$105,"?*"))
A14: Scenario | B14: Equipment Markup | C14: Target Gross Margin | D14: Labor Cost / Hour | E14: Labor Markup | F14: Scenario Cost | G14: Markup Price | H14: Markup Gross Margin | I14: Margin Price | J14: Margin Gross Margin
A15: =Assumptions!A5 | B15: =Assumptions!B5 | C15: =Assumptions!C5 | D15: =Assumptions!D5 | E15: =Assumptions!E5 | F15: =IF($B$4=0,"",IFERROR(SUM('Quote Lines'!$O$6:$O$105)+SUM('Quote Lines'!$N$6:$N$105)*$D15,"")) | G15: =IF($B$4=0,"",IFERROR(SUM('Quote Lines'!$O$6:$O$105)*(1+$B15)+SUM('Quote Lines'!$N$6:$N$105)*$D15*(1+$E15),"")) | H15: =IF(OR($F15="",$G15=""),"",IFERROR(($G15-$F15)/$G15,"")) | I15: =IF($F15="","",IFERROR($F15/(1-$C15),"")) | J15: =IF(OR($F15="",$I15=""),"",IFERROR(($I15-$F15)/$I15,""))
A16: =Assumptions!A6 | B16: =Assumptions!B6 | C16: =Assumptions!C6 | D16: =Assumptions!D6 | E16: =Assumptions!E6 | F16: =IF($B$4=0,"",IFERROR(SUM('Quote Lines'!$O$6:$O$105)+SUM('Quote Lines'!$N$6:$N$105)*$D16,"")) | G16: =IF($B$4=0,"",IFERROR(SUM('Quote Lines'!$O$6:$O$105)*(1+$B16)+SUM('Quote Lines'!$N$6:$N$105)*$D16*(1+$E16),"")) | H16: =IF(OR($F16="",$G16=""),"",IFERROR(($G16-$F16)/$G16,"")) | I16: =IF($F16="","",IFERROR($F16/(1-$C16),"")) | J16: =IF(OR($F16="",$I16=""),"",IFERROR(($I16-$F16)/$I16,""))
A17: =Assumptions!A7 | B17: =Assumptions!B7 | C17: =Assumptions!C7 | D17: =Assumptions!D7 | E17: =Assumptions!E7 | F17: =IF($B$4=0,"",IFERROR(SUM('Quote Lines'!$O$6:$O$105)+SUM('Quote Lines'!$N$6:$N$105)*$D17,"")) | G17: =IF($B$4=0,"",IFERROR(SUM('Quote Lines'!$O$6:$O$105)*(1+$B17)+SUM('Quote Lines'!$N$6:$N$105)*$D17*(1+$E17),"")) | H17: =IF(OR($F17="",$G17=""),"",IFERROR(($G17-$F17)/$G17,"")) | I17: =IF($F17="","",IFERROR($F17/(1-$C17),"")) | J17: =IF(OR($F17="",$I17=""),"",IFERROR(($I17-$F17)/$I17,""))

Sheet Quote Lines
A1: HVAC Equipment Quote Lines
A2: Orange cells are editable. Calculated prices compare the selected markup and gross-margin scenario.
A3: Review each flagged line before using a price in a customer quote.
A5: Quote Date | B5: Customer | C5: Job | D5: Equipment | E5: Description | F5: Quantity | G5: Unit | H5: Technician | I5: Responsibility | J5: Status | K5: Scenario | L5: Pricing Basis | M5: Unit Equipment Cost | N5: Labor Hours | O5: Equipment Cost | P5: Labor Cost | Q5: Total Cost | R5: Markup Price | S5: Margin Price | T5: Suggested Price | U5: Gross Profit | V5: Gross Margin | W5: Effective Markup | X5: Check
A6: 46258 | B6: Fictional Cedar Test Customer | C6: Sample Heat Pump Replacement | D6: Sample 3-ton Heat Pump | E6: Indoor and outdoor equipment package | F6: 1 | G6: set | H6: Fictional Tech Alpha | I6: Contractor | J6: Draft | K6: Standard | L6: Markup | M6: 4200 | N6: 14 | O6: =IF(OR($F6="",$M6=""),"",IFERROR($F6*$M6,"")) | P6: =IF(OR($N6="",$K6=""),"",IFERROR($N6*VLOOKUP($K6,Assumptions!$A$5:$E$7,4,FALSE),"")) | Q6: =IF(OR($O6="",$P6=""),"",IFERROR($O6+$P6,"")) | R6: =IF(OR($O6="",$P6="",$K6=""),"",IFERROR($O6*(1+VLOOKUP($K6,Assumptions!$A$5:$E$7,2,FALSE))+$P6*(1+VLOOKUP($K6,Assumptions!$A$5:$E$7,5,FALSE)),"")) | S6: =IF(OR($Q6="",$K6=""),"",IFERROR($Q6/(1-VLOOKUP($K6,Assumptions!$A$5:$E$7,3,FALSE)),"")) | T6: =IF(OR($L6="",$R6="",$S6=""),"",IF($L6="Markup",$R6,IF($L6="Gross Margin",$S6,""))) | U6: =IF(OR($T6="",$Q6=""),"",IFERROR($T6-$Q6,"")) | V6: =IF(OR($U6="",$T6=""),"",IFERROR($U6/$T6,"")) | W6: =IF(OR($U6="",$Q6=""),"",IFERROR($U6/$Q6,"")) | X6: =IF(COUNTA($A6:$N6)=0,"",IF(OR($A6="",$B6="",$C6="",$D6="",$E6="",$F6="",$G6="",$H6="",$I6="",$J6="",$K6="",$L6="",$M6="",$N6=""),"Check inputs",IF(OR($F6<=0,$M6<$AG$8,$N6<0),"Check cost inputs",IF($T6="","Check pricing",IF($V6<$AG$10,"Margin check",""))))) | Z6: =Assumptions!A5 | AA6: =Assumptions!G5 | AB6: =Assumptions!H5 | AC6: =Assumptions!I5 | AD6: =Assumptions!J5 | AE6: =Assumptions!K5 | AF6: =Assumptions!B12 | AG6: =Assumptions!B14
A7: 46260 | B7: Fictional Bluebird Demo Customer | C7: Sample Furnace Swap | D7: Sample 80 MBH Gas Furnace | E7: Furnace equipment and standard accessories | F7: 1 | G7: each | H7: Fictional Tech Beta | I7: Contractor | J7: Review | K7: Low Markup | L7: Gross Margin | M7: 2600 | N7: 10 | O7: =IF(OR($F7="",$M7=""),"",IFERROR($F7*$M7,"")) | P7: =IF(OR($N7="",$K7=""),"",IFERROR($N7*VLOOKUP($K7,Assumptions!$A$5:$E$7,4,FALSE),"")) | Q7: =IF(OR($O7="",$P7=""),"",IFERROR($O7+$P7,"")) | R7: =IF(OR($O7="",$P7="",$K7=""),"",IFERROR($O7*(1+VLOOKUP($K7,Assumptions!$A$5:$E$7,2,FALSE))+$P7*(1+VLOOKUP($K7,Assumptions!$A$5:$E$7,5,FALSE)),"")) | S7: =IF(OR($Q7="",$K7=""),"",IFERROR($Q7/(1-VLOOKUP($K7,Assumptions!$A$5:$E$7,3,FALSE)),"")) | T7: =IF(OR($L7="",$R7="",$S7=""),"",IF($L7="Markup",$R7,IF($L7="Gross Margin",$S7,""))) | U7: =IF(OR($T7="",$Q7=""),"",IFERROR($T7-$Q7,"")) | V7: =IF(OR($U7="",$T7=""),"",IFERROR($U7/$T7,"")) | W7: =IF(OR($U7="",$Q7=""),"",IFERROR($U7/$Q7,"")) | X7: =IF(COUNTA($A7:$N7)=0,"",IF(OR($A7="",$B7="",$C7="",$D7="",$E7="",$F7="",$G7="",$H7="",$I7="",$J7="",$K7="",$L7="",$M7="",$N7=""),"Check inputs",IF(OR($F7<=0,$M7<$AG$8,$N7<0),"Check cost inputs",IF($T7="","Check pricing",IF($V7<$AG$10,"Margin check",""))))) | Z7: =Assumptions!A6 | AA7: =Assumptions!G6 | AB7: =Assumptions!H6 | AC7: =Assumptions!I6 | AD7: =Assumptions!J6 | AE7: =Assumptions!K6 | AF7: =Assumptions!B13 | AG7: =Assumptions!B15
A8: 46262 | B8: Fictional Marigold Test Customer | C8: Sample Air Handler Quote | D8: Sample 3-ton Air Handler | E8: Air handler equipment package | F8: 1 | G8: each | H8: Fictional Tech Gamma | I8: Shared | J8: Quoted | K8: Low Markup | L8: Markup | M8: 1850 | N8: 8 | O8: =IF(OR($F8="",$M8=""),"",IFERROR($F8*$M8,"")) | P8: =IF(OR($N8="",$K8=""),"",IFERROR($N8*VLOOKUP($K8,Assumptions!$A$5:$E$7,4,FALSE),"")) | Q8: =IF(OR($O8="",$P8=""),"",IFERROR($O8+$P8,"")) | R8: =IF(OR($O8="",$P8="",$K8=""),"",IFERROR($O8*(1+VLOOKUP($K8,Assumptions!$A$5:$E$7,2,FALSE))+$P8*(1+VLOOKUP($K8,Assumptions!$A$5:$E$7,5,FALSE)),"")) | S8: =IF(OR($Q8="",$K8=""),"",IFERROR($Q8/(1-VLOOKUP($K8,Assumptions!$A$5:$E$7,3,FALSE)),"")) | T8: =IF(OR($L8="",$R8="",$S8=""),"",IF($L8="Markup",$R8,IF($L8="Gross Margin",$S8,""))) | U8: =IF(OR($T8="",$Q8=""),"",IFERROR($T8-$Q8,"")) | V8: =IF(OR($U8="",$T8=""),"",IFERROR($U8/$T8,"")) | W8: =IF(OR($U8="",$Q8=""),"",IFERROR($U8/$Q8,"")) | X8: =IF(COUNTA($A8:$N8)=0,"",IF(OR($A8="",$B8="",$C8="",$D8="",$E8="",$F8="",$G8="",$H8="",$I8="",$J8="",$K8="",$L8="",$M8="",$N8=""),"Check inputs",IF(OR($F8<=0,$M8<$AG$8,$N8<0),"Check cost inputs",IF($T8="","Check pricing",IF($V8<$AG$10,"Margin check",""))))) | Z8: =Assumptions!A7 | AA8: =Assumptions!G7 | AB8: =Assumptions!H7 | AC8: =Assumptions!I7 | AE8: =Assumptions!K7 | AG8: =Assumptions!B16
A9: 46264 | B9: Fictional Juniper Sandbox Customer | C9: Sample Rooftop Unit Quote | D9: Sample 5-ton Packaged Unit | E9: Packaged rooftop equipment | F9: 1 | G9: each | H9: Fictional Tech Delta | I9: Contractor | J9: Review | K9: High Markup | L9: Gross Margin | M9: 7350 | N9: 22 | O9: =IF(OR($F9="",$M9=""),"",IFERROR($F9*$M9,"")) | P9: =IF(OR($N9="",$K9=""),"",IFERROR($N9*VLOOKUP($K9,Assumptions!$A$5:$E$7,4,FALSE),"")) | Q9: =IF(OR($O9="",$P9=""),"",IFERROR($O9+$P9,"")) | R9: =IF(OR($O9="",$P9="",$K9=""),"",IFERROR($O9*(1+VLOOKUP($K9,Assumptions!$A$5:$E$7,2,FALSE))+$P9*(1+VLOOKUP($K9,Assumptions!$A$5:$E$7,5,FALSE)),"")) | S9: =IF(OR($Q9="",$K9=""),"",IFERROR($Q9/(1-VLOOKUP($K9,Assumptions!$A$5:$E$7,3,FALSE)),"")) | T9: =IF(OR($L9="",$R9="",$S9=""),"",IF($L9="Markup",$R9,IF($L9="Gross Margin",$S9,""))) | U9: =IF(OR($T9="",$Q9=""),"",IFERROR($T9-$Q9,"")) | V9: =IF(OR($U9="",$T9=""),"",IFERROR($U9/$T9,"")) | W9: =IF(OR($U9="",$Q9=""),"",IFERROR($U9/$Q9,"")) | X9: =IF(COUNTA($A9:$N9)=0,"",IF(OR($A9="",$B9="",$C9="",$D9="",$E9="",$F9="",$G9="",$H9="",$I9="",$J9="",$K9="",$L9="",$M9="",$N9=""),"Check inputs",IF(OR($F9<=0,$M9<$AG$8,$N9<0),"Check cost inputs",IF($T9="","Check pricing",IF($V9<$AG$10,"Margin check",""))))) | Z9: ="" | AA9: =Assumptions!G8 | AB9: =Assumptions!H8 | AC9: ="" | AE9: =Assumptions!K8 | AG9: =Assumptions!B17
A10: 46266 | B10: Fictional Foxglove Mock Customer | C10: Sample Mini-Split Addition | D10: Sample 18 kBtu Mini-Split | E10: Single-zone equipment package | F10: 1 | G10: set | H10: Fictional Tech Alpha | I10: Customer | J10: Draft | K10: Standard | L10: Markup | M10: 2100 | N10: 9.5 | O10: =IF(OR($F10="",$M10=""),"",IFERROR($F10*$M10,"")) | P10: =IF(OR($N10="",$K10=""),"",IFERROR($N10*VLOOKUP($K10,Assumptions!$A$5:$E$7,4,FALSE),"")) | Q10: =IF(OR($O10="",$P10=""),"",IFERROR($O10+$P10,"")) | R10: =IF(OR($O10="",$P10="",$K10=""),"",IFERROR($O10*(1+VLOOKUP($K10,Assumptions!$A$5:$E$7,2,FALSE))+$P10*(1+VLOOKUP($K10,Assumptions!$A$5:$E$7,5,FALSE)),"")) | S10: =IF(OR($Q10="",$K10=""),"",IFERROR($Q10/(1-VLOOKUP($K10,Assumptions!$A$5:$E$7,3,FALSE)),"")) | T10: =IF(OR($L10="",$R10="",$S10=""),"",IF($L10="Markup",$R10,IF($L10="Gross Margin",$S10,""))) | U10: =IF(OR($T10="",$Q10=""),"",IFERROR($T10-$Q10,"")) | V10: =IF(OR($U10="",$T10=""),"",IFERROR($U10/$T10,"")) | W10: =IF(OR($U10="",$Q10=""),"",IFERROR($U10/$Q10,"")) | X10: =IF(COUNTA($A10:$N10)=0,"",IF(OR($A10="",$B10="",$C10="",$D10="",$E10="",$F10="",$G10="",$H10="",$I10="",$J10="",$K10="",$L10="",$M10="",$N10=""),"Check inputs",IF(OR($F10<=0,$M10<$AG$8,$N10<0),"Check cost inputs",IF($T10="","Check pricing",IF($V10<$AG$10,"Margin check",""))))) | Z10: ="" | AA10: =Assumptions!G9 | AB10: =Assumptions!H9 | AC10: ="" | AE10: ="" | AG10: =Assumptions!B18
A11: 46268 | B11: Fictional Harbor Training Customer | C11: Sample Coil Quote | D11: Sample 3-ton Evaporator Coil | E11: Cased evaporator coil | F11: 1 | G11: each | H11: Fictional Tech Beta | I11: Contractor | J11: On Hold | K11: Low Markup | L11: Gross Margin | M11: 1125 | N11: 7 | O11: =IF(OR($F11="",$M11=""),"",IFERROR($F11*$M11,"")) | P11: =IF(OR($N11="",$K11=""),"",IFERROR($N11*VLOOKUP($K11,Assumptions!$A$5:$E$7,4,FALSE),"")) | Q11: =IF(OR($O11="",$P11=""),"",IFERROR($O11+$P11,"")) | R11: =IF(OR($O11="",$P11="",$K11=""),"",IFERROR($O11*(1+VLOOKUP($K11,Assumptions!$A$5:$E$7,2,FALSE))+$P11*(1+VLOOKUP($K11,Assumptions!$A$5:$E$7,5,FALSE)),"")) | S11: =IF(OR($Q11="",$K11=""),"",IFERROR($Q11/(1-VLOOKUP($K11,Assumptions!$A$5:$E$7,3,FALSE)),"")) | T11: =IF(OR($L11="",$R11="",$S11=""),"",IF($L11="Markup",$R11,IF($L11="Gross Margin",$S11,""))) | U11: =IF(OR($T11="",$Q11=""),"",IFERROR($T11-$Q11,"")) | V11: =IF(OR($U11="",$T11=""),"",IFERROR($U11/$T11,"")) | W11: =IF(OR($U11="",$Q11=""),"",IFERROR($U11/$Q11,"")) | X11: =IF(COUNTA($A11:$N11)=0,"",IF(OR($A11="",$B11="",$C11="",$D11="",$E11="",$F11="",$G11="",$H11="",$I11="",$J11="",$K11="",$L11="",$M11="",$N11=""),"Check inputs",IF(OR($F11<=0,$M11<$AG$8,$N11<0),"Check cost inputs",IF($T11="","Check pricing",IF($V11<$AG$10,"Margin check",""))))) | Z11: ="" | AA11: =Assumptions!G10 | AB11: ="" | AC11: ="" | AE11: ="" | AG11: =""
A12: 46270 | B12: Fictional Maple Prototype Customer | C12: Sample Controls Quote | D12: Sample Smart Thermostat | E12: Equipment-only thermostat test line | F12: 1 | G12: each | H12: Fictional Tech Gamma | I12: Customer | J12: Accepted | K12: High Markup | L12: Markup | M12: 120 | N12: 0 | O12: =IF(OR($F12="",$M12=""),"",IFERROR($F12*$M12,"")) | P12: =IF(OR($N12="",$K12=""),"",IFERROR($N12*VLOOKUP($K12,Assumptions!$A$5:$E$7,4,FALSE),"")) | Q12: =IF(OR($O12="",$P12=""),"",IFERROR($O12+$P12,"")) | R12: =IF(OR($O12="",$P12="",$K12=""),"",IFERROR($O12*(1+VLOOKUP($K12,Assumptions!$A$5:$E$7,2,FALSE))+$P12*(1+VLOOKUP($K12,Assumptions!$A$5:$E$7,5,FALSE)),"")) | S12: =IF(OR($Q12="",$K12=""),"",IFERROR($Q12/(1-VLOOKUP($K12,Assumptions!$A$5:$E$7,3,FALSE)),"")) | T12: =IF(OR($L12="",$R12="",$S12=""),"",IF($L12="Markup",$R12,IF($L12="Gross Margin",$S12,""))) | U12: =IF(OR($T12="",$Q12=""),"",IFERROR($T12-$Q12,"")) | V12: =IF(OR($U12="",$T12=""),"",IFERROR($U12/$T12,"")) | W12: =IF(OR($U12="",$Q12=""),"",IFERROR($U12/$Q12,"")) | X12: =IF(COUNTA($A12:$N12)=0,"",IF(OR($A12="",$B12="",$C12="",$D12="",$E12="",$F12="",$G12="",$H12="",$I12="",$J12="",$K12="",$L12="",$M12="",$N12=""),"Check inputs",IF(OR($F12<=0,$M12<$AG$8,$N12<0),"Check cost inputs",IF($T12="","Check pricing",IF($V12<$AG$10,"Margin check",""))))) | Z12: ="" | AA12: ="" | AB12: ="" | AC12: ="" | AE12: ="" | AG12: =""
A13: 46272 | B13: Fictional Canyon Example Customer | C13: Sample Line Set Quote | D13: Sample Copper Line Set | E13: Insulated copper tubing | F13: 100 | G13: ft | H13: Fictional Tech Delta | I13: Shared | J13: Quoted | K13: Standard | L13: Gross Margin | M13: 7.85 | N13: 12 | O13: =IF(OR($F13="",$M13=""),"",IFERROR($F13*$M13,"")) | P13: =IF(OR($N13="",$K13=""),"",IFERROR($N13*VLOOKUP($K13,Assumptions!$A$5:$E$7,4,FALSE),"")) | Q13: =IF(OR($O13="",$P13=""),"",IFERROR($O13+$P13,"")) | R13: =IF(OR($O13="",$P13="",$K13=""),"",IFERROR($O13*(1+VLOOKUP($K13,Assumptions!$A$5:$E$7,2,FALSE))+$P13*(1+VLOOKUP($K13,Assumptions!$A$5:$E$7,5,FALSE)),"")) | S13: =IF(OR($Q13="",$K13=""),"",IFERROR($Q13/(1-VLOOKUP($K13,Assumptions!$A$5:$E$7,3,FALSE)),"")) | T13: =IF(OR($L13="",$R13="",$S13=""),"",IF($L13="Markup",$R13,IF($L13="Gross Margin",$S13,""))) | U13: =IF(OR($T13="",$Q13=""),"",IFERROR($T13-$Q13,"")) | V13: =IF(OR($U13="",$T13=""),"",IFERROR($U13/$T13,"")) | W13: =IF(OR($U13="",$Q13=""),"",IFERROR($U13/$Q13,"")) | X13: =IF(COUNTA($A13:$N13)=0,"",IF(OR($A13="",$B13="",$C13="",$D13="",$E13="",$F13="",$G13="",$H13="",$I13="",$J13="",$K13="",$L13="",$M13="",$N13=""),"Check inputs",IF(OR($F13<=0,$M13<$AG$8,$N13<0),"Check cost inputs",IF($T13="","Check pricing",IF($V13<$AG$10,"Margin check",""))))) | Z13: ="" | AA13: ="" | AB13: ="" | AC13: ="" | AE13: ="" | AG13: =""
A14: 46274 | B14: Fictional Orchid Practice Customer | C14: Sample Boiler Quote | D14: Sample 90 MBH Boiler | E14: Boiler equipment package | F14: 1 | G14: each | H14: Fictional Tech Alpha | I14: Contractor | J14: Quoted | K14: High Markup | L14: Gross Margin | M14: 5100 | N14: 18 | O14: =IF(OR($F14="",$M14=""),"",IFERROR($F14*$M14,"")) | P14: =IF(OR($N14="",$K14=""),"",IFERROR($N14*VLOOKUP($K14,Assumptions!$A$5:$E$7,4,FALSE),"")) | Q14: =IF(OR($O14="",$P14=""),"",IFERROR($O14+$P14,"")) | R14: =IF(OR($O14="",$P14="",$K14=""),"",IFERROR($O14*(1+VLOOKUP($K14,Assumptions!$A$5:$E$7,2,FALSE))+$P14*(1+VLOOKUP($K14,Assumptions!$A$5:$E$7,5,FALSE)),"")) | S14: =IF(OR($Q14="",$K14=""),"",IFERROR($Q14/(1-VLOOKUP($K14,Assumptions!$A$5:$E$7,3,FALSE)),"")) | T14: =IF(OR($L14="",$R14="",$S14=""),"",IF($L14="Markup",$R14,IF($L14="Gross Margin",$S14,""))) | U14: =IF(OR($T14="",$Q14=""),"",IFERROR($T14-$Q14,"")) | V14: =IF(OR($U14="",$T14=""),"",IFERROR($U14/$T14,"")) | W14: =IF(OR($U14="",$Q14=""),"",IFERROR($U14/$Q14,"")) | X14: =IF(COUNTA($A14:$N14)=0,"",IF(OR($A14="",$B14="",$C14="",$D14="",$E14="",$F14="",$G14="",$H14="",$I14="",$J14="",$K14="",$L14="",$M14="",$N14=""),"Check inputs",IF(OR($F14<=0,$M14<$AG$8,$N14<0),"Check cost inputs",IF($T14="","Check pricing",IF($V14<$AG$10,"Margin check",""))))) | Z14: ="" | AA14: ="" | AB14: ="" | AC14: ="" | AE14: ="" | AG14: =""
A15: 46276 | B15: Fictional Willow Scenario Customer | C15: Sample Drain Accessory Quote | D15: Sample Drain Fitting | E15: Minimum-cost boundary test item | F15: 5 | G15: each | H15: Fictional Tech Beta | I15: Contractor | J15: Draft | K15: Low Markup | L15: Markup | M15: 0.01 | N15: 0.5 | O15: =IF(OR($F15="",$M15=""),"",IFERROR($F15*$M15,"")) | P15: =IF(OR($N15="",$K15=""),"",IFERROR($N15*VLOOKUP($K15,Assumptions!$A$5:$E$7,4,FALSE),"")) | Q15: =IF(OR($O15="",$P15=""),"",IFERROR($O15+$P15,"")) | R15: =IF(OR($O15="",$P15="",$K15=""),"",IFERROR($O15*(1+VLOOKUP($K15,Assumptions!$A$5:$E$7,2,FALSE))+$P15*(1+VLOOKUP($K15,Assumptions!$A$5:$E$7,5,FALSE)),"")) | S15: =IF(OR($Q15="",$K15=""),"",IFERROR($Q15/(1-VLOOKUP($K15,Assumptions!$A$5:$E$7,3,FALSE)),"")) | T15: =IF(OR($L15="",$R15="",$S15=""),"",IF($L15="Markup",$R15,IF($L15="Gross Margin",$S15,""))) | U15: =IF(OR($T15="",$Q15=""),"",IFERROR($T15-$Q15,"")) | V15: =IF(OR($U15="",$T15=""),"",IFERROR($U15/$T15,"")) | W15: =IF(OR($U15="",$Q15=""),"",IFERROR($U15/$Q15,"")) | X15: =IF(COUNTA($A15:$N15)=0,"",IF(OR($A15="",$B15="",$C15="",$D15="",$E15="",$F15="",$G15="",$H15="",$I15="",$J15="",$K15="",$L15="",$M15="",$N15=""),"Check inputs",IF(OR($F15<=0,$M15<$AG$8,$N15<0),"Check cost inputs",IF($T15="","Check pricing",IF($V15<$AG$10,"Margin check",""))))) | Z15: ="" | AA15: ="" | AB15: ="" | AC15: ="" | AE15: ="" | AG15: =""
O16: =IF(OR($F16="",$M16=""),"",IFERROR($F16*$M16,"")) | P16: =IF(OR($N16="",$K16=""),"",IFERROR($N16*VLOOKUP($K16,Assumptions!$A$5:$E$7,4,FALSE),"")) | Q16: =IF(OR($O16="",$P16=""),"",IFERROR($O16+$P16,"")) | R16: =IF(OR($O16="",$P16="",$K16=""),"",IFERROR($O16*(1+VLOOKUP($K16,Assumptions!$A$5:$E$7,2,FALSE))+$P16*(1+VLOOKUP($K16,Assumptions!$A$5:$E$7,5,FALSE)),"")) | S16: =IF(OR($Q16="",$K16=""),"",IFERROR($Q16/(1-VLOOKUP($K16,Assumptions!$A$5:$E$7,3,FALSE)),"")) | T16: =IF(OR($L16="",$R16="",$S16=""),"",IF($L16="Markup",$R16,IF($L16="Gross Margin",$S16,""))) | U16: =IF(OR($T16="",$Q16=""),"",IFERROR($T16-$Q16,"")) | V16: =IF(OR($U16="",$T16=""),"",IFERROR($U16/$T16,"")) | W16: =IF(OR($U16="",$Q16=""),"",IFERROR($U16/$Q16,"")) | X16: =IF(COUNTA($A16:$N16)=0,"",IF(OR($A16="",$B16="",$C16="",$D16="",$E16="",$F16="",$G16="",$H16="",$I16="",$J16="",$K16="",$L16="",$M16="",$N16=""),"Check inputs",IF(OR($F16<=0,$M16<$AG$8,$N16<0),"Check cost inputs",IF($T16="","Check pricing",IF($V16<$AG$10,"Margin check",""))))) | Z16: ="" | AA16: ="" | AB16: ="" | AC16: ="" | AE16: ="" | AG16: =""
O17: =IF(OR($F17="",$M17=""),"",IFERROR($F17*$M17,"")) | P17: =IF(OR($N17="",$K17=""),"",IFERROR($N17*VLOOKUP($K17,Assumptions!$A$5:$E$7,4,FALSE),"")) | Q17: =IF(OR($O17="",$P17=""),"",IFERROR($O17+$P17,"")) | R17: =IF(OR($O17="",$P17="",$K17=""),"",IFERROR($O17*(1+VLOOKUP($K17,Assumptions!$A$5:$E$7,2,FALSE))+$P17*(1+VLOOKUP($K17,Assumptions!$A$5:$E$7,5,FALSE)),"")) | S17: =IF(OR($Q17="",$K17=""),"",IFERROR($Q17/(1-VLOOKUP($K17,Assumptions!$A$5:$E$7,3,FALSE)),"")) | T17: =IF(OR($L17="",$R17="",$S17=""),"",IF($L17="Markup",$R17,IF($L17="Gross Margin",$S17,""))) | U17: =IF(OR($T17="",$Q17=""),"",IFERROR($T17-$Q17,"")) | V17: =IF(OR($U17="",$T17=""),"",IFERROR($U17/$T17,"")) | W17: =IF(OR($U17="",$Q17=""),"",IFERROR($U17/$Q17,"")) | X17: =IF(COUNTA($A17:$N17)=0,"",IF(OR($A17="",$B17="",$C17="",$D17="",$E17="",$F17="",$G17="",$H17="",$I17="",$J17="",$K17="",$L17="",$M17="",$N17=""),"Check inputs",IF(OR($F17<=0,$M17<$AG$8,$N17<0),"Check cost inputs",IF($T17="","Check pricing",IF($V17<$AG$10,"Margin check",""))))) | Z17: ="" | AA17: ="" | AB17: ="" | AC17: ="" | AE17: ="" | AG17: =""
O18: =IF(OR($F18="",$M18=""),"",IFERROR($F18*$M18,"")) | P18: =IF(OR($N18="",$K18=""),"",IFERROR($N18*VLOOKUP($K18,Assumptions!$A$5:$E$7,4,FALSE),"")) | Q18: =IF(OR($O18="",$P18=""),"",IFERROR($O18+$P18,"")) | R18: =IF(OR($O18="",$P18="",$K18=""),"",IFERROR($O18*(1+VLOOKUP($K18,Assumptions!$A$5:$E$7,2,FALSE))+$P18*(1+VLOOKUP($K18,Assumptions!$A$5:$E$7,5,FALSE)),"")) | S18: =IF(OR($Q18="",$K18=""),"",IFERROR($Q18/(1-VLOOKUP($K18,Assumptions!$A$5:$E$7,3,FALSE)),"")) | T18: =IF(OR($L18="",$R18="",$S18=""),"",IF($L18="Markup",$R18,IF($L18="Gross Margin",$S18,""))) | U18: =IF(OR($T18="",$Q18=""),"",IFERROR($T18-$Q18,"")) | V18: =IF(OR($U18="",$T18=""),"",IFERROR($U18/$T18,"")) | W18: =IF(OR($U18="",$Q18=""),"",IFERROR($U18/$Q18,"")) | X18: =IF(COUNTA($A18:$N18)=0,"",IF(OR($A18="",$B18="",$C18="",$D18="",$E18="",$F18="",$G18="",$H18="",$I18="",$J18="",$K18="",$L18="",$M18="",$N18=""),"Check inputs",IF(OR($F18<=0,$M18<$AG$8,$N18<0),"Check cost inputs",IF($T18="","Check pricing",IF($V18<$AG$10,"Margin check",""))))) | Z18: ="" | AA18: ="" | AB18: ="" | AC18: ="" | AE18: ="" | AG18: =""
O19: =IF(OR($F19="",$M19=""),"",IFERROR($F19*$M19,"")) | P19: =IF(OR($N19="",$K19=""),"",IFERROR($N19*VLOOKUP($K19,Assumptions!$A$5:$E$7,4,FALSE),"")) | Q19: =IF(OR($O19="",$P19=""),"",IFERROR($O19+$P19,"")) | R19: =IF(OR($O19="",$P19="",$K19=""),"",IFERROR($O19*(1+VLOOKUP($K19,Assumptions!$A$5:$E$7,2,FALSE))+$P19*(1+VLOOKUP($K19,Assumptions!$A$5:$E$7,5,FALSE)),"")) | S19: =IF(OR($Q19="",$K19=""),"",IFERROR($Q19/(1-VLOOKUP($K19,Assumptions!$A$5:$E$7,3,FALSE)),"")) | T19: =IF(OR($L19="",$R19="",$S19=""),"",IF($L19="Markup",$R19,IF($L19="Gross Margin",$S19,""))) | U19: =IF(OR($T19="",$Q19=""),"",IFERROR($T19-$Q19,"")) | V19: =IF(OR($U19="",$T19=""),"",IFERROR($U19/$T19,"")) | W19: =IF(OR($U19="",$Q19=""),"",IFERROR($U19/$Q19,"")) | X19: =IF(COUNTA($A19:$N19)=0,"",IF(OR($A19="",$B19="",$C19="",$D19="",$E19="",$F19="",$G19="",$H19="",$I19="",$J19="",$K19="",$L19="",$M19="",$N19=""),"Check inputs",IF(OR($F19<=0,$M19<$AG$8,$N19<0),"Check cost inputs",IF($T19="","Check pricing",IF($V19<$AG$10,"Margin check",""))))) | Z19: ="" | AA19: ="" | AB19: ="" | AC19: ="" | AE19: ="" | AG19: =""
O20: =IF(OR($F20="",$M20=""),"",IFERROR($F20*$M20,"")) | P20: =IF(OR($N20="",$K20=""),"",IFERROR($N20*VLOOKUP($K20,Assumptions!$A$5:$E$7,4,FALSE),"")) | Q20: =IF(OR($O20="",$P20=""),"",IFERROR($O20+$P20,"")) | R20: =IF(OR($O20="",$P20="",$K20=""),"",IFERROR($O20*(1+VLOOKUP($K20,Assumptions!$A$5:$E$7,2,FALSE))+$P20*(1+VLOOKUP($K20,Assumptions!$A$5:$E$7,5,FALSE)),"")) | S20: =IF(OR($Q20="",$K20=""),"",IFERROR($Q20/(1-VLOOKUP($K20,Assumptions!$A$5:$E$7,3,FALSE)),"")) | T20: =IF(OR($L20="",$R20="",$S20=""),"",IF($L20="Markup",$R20,IF($L20="Gross Margin",$S20,""))) | U20: =IF(OR($T20="",$Q20=""),"",IFERROR($T20-$Q20,"")) | V20: =IF(OR($U20="",$T20=""),"",IFERROR($U20/$T20,"")) | W20: =IF(OR($U20="",$Q20=""),"",IFERROR($U20/$Q20,"")) | X20: =IF(COUNTA($A20:$N20)=0,"",IF(OR($A20="",$B20="",$C20="",$D20="",$E20="",$F20="",$G20="",$H20="",$I20="",$J20="",$K20="",$L20="",$M20="",$N20=""),"Check inputs",IF(OR($F20<=0,$M20<$AG$8,$N20<0),"Check cost inputs",IF($T20="","Check pricing",IF($V20<$AG$10,"Margin check",""))))) | Z20: ="" | AA20: ="" | AB20: ="" | AC20: ="" | AE20: ="" | AG20: =""
O21: =IF(OR($F21="",$M21=""),"",IFERROR($F21*$M21,"")) | P21: =IF(OR($N21="",$K21=""),"",IFERROR($N21*VLOOKUP($K21,Assumptions!$A$5:$E$7,4,FALSE),"")) | Q21: =IF(OR($O21="",$P21=""),"",IFERROR($O21+$P21,"")) | R21: =IF(OR($O21="",$P21="",$K21=""),"",IFERROR($O21*(1+VLOOKUP($K21,Assumptions!$A$5:$E$7,2,FALSE))+$P21*(1+VLOOKUP($K21,Assumptions!$A$5:$E$7,5,FALSE)),"")) | S21: =IF(OR($Q21="",$K21=""),"",IFERROR($Q21/(1-VLOOKUP($K21,Assumptions!$A$5:$E$7,3,FALSE)),"")) | T21: =IF(OR($L21="",$R21="",$S21=""),"",IF($L21="Markup",$R21,IF($L21="Gross Margin",$S21,""))) | U21: =IF(OR($T21="",$Q21=""),"",IFERROR($T21-$Q21,"")) | V21: =IF(OR($U21="",$T21=""),"",IFERROR($U21/$T21,"")) | W21: =IF(OR($U21="",$Q21=""),"",IFERROR($U21/$Q21,"")) | X21: =IF(COUNTA($A21:$N21)=0,"",IF(OR($A21="",$B21="",$C21="",$D21="",$E21="",$F21="",$G21="",$H21="",$I21="",$J21="",$K21="",$L21="",$M21="",$N21=""),"Check inputs",IF(OR($F21<=0,$M21<$AG$8,$N21<0),"Check cost inputs",IF($T21="","Check pricing",IF($V21<$AG$10,"Margin check",""))))) | Z21: ="" | AA21: ="" | AB21: ="" | AC21: ="" | AE21: ="" | AG21: =""
O22: =IF(OR($F22="",$M22=""),"",IFERROR($F22*$M22,"")) | P22: =IF(OR($N22="",$K22=""),"",IFERROR($N22*VLOOKUP($K22,Assumptions!$A$5:$E$7,4,FALSE),"")) | Q22: =IF(OR($O22="",$P22=""),"",IFERROR($O22+$P22,"")) | R22: =IF(OR($O22="",$P22="",$K22=""),"",IFERROR($O22*(1+VLOOKUP($K22,Assumptions!$A$5:$E$7,2,FALSE))+$P22*(1+VLOOKUP($K22,Assumptions!$A$5:$E$7,5,FALSE)),"")) | S22: =IF(OR($Q22="",$K22=""),"",IFERROR($Q22/(1-VLOOKUP($K22,Assumptions!$A$5:$E$7,3,FALSE)),"")) | T22: =IF(OR($L22="",$R22="",$S22=""),"",IF($L22="Markup",$R22,IF($L22="Gross Margin",$S22,""))) | U22: =IF(OR($T22="",$Q22=""),"",IFERROR($T22-$Q22,"")) | V22: =IF(OR($U22="",$T22=""),"",IFERROR($U22/$T22,"")) | W22: =IF(OR($U22="",$Q22=""),"",IFERROR($U22/$Q22,"")) | X22: =IF(COUNTA($A22:$N22)=0,"",IF(OR($A22="",$B22="",$C22="",$D22="",$E22="",$F22="",$G22="",$H22="",$I22="",$J22="",$K22="",$L22="",$M22="",$N22=""),"Check inputs",IF(OR($F22<=0,$M22<$AG$8,$N22<0),"Check cost inputs",IF($T22="","Check pricing",IF($V22<$AG$10,"Margin check",""))))) | Z22: ="" | AA22: ="" | AB22: ="" | AC22: ="" | AE22: ="" | AG22: =""
O23: =IF(OR($F23="",$M23=""),"",IFERROR($F23*$M23,"")) | P23: =IF(OR($N23="",$K23=""),"",IFERROR($N23*VLOOKUP($K23,Assumptions!$A$5:$E$7,4,FALSE),"")) | Q23: =IF(OR($O23="",$P23=""),"",IFERROR($O23+$P23,"")) | R23: =IF(OR($O23="",$P23="",$K23=""),"",IFERROR($O23*(1+VLOOKUP($K23,Assumptions!$A$5:$E$7,2,FALSE))+$P23*(1+VLOOKUP($K23,Assumptions!$A$5:$E$7,5,FALSE)),"")) | S23: =IF(OR($Q23="",$K23=""),"",IFERROR($Q23/(1-VLOOKUP($K23,Assumptions!$A$5:$E$7,3,FALSE)),"")) | T23: =IF(OR($L23="",$R23="",$S23=""),"",IF($L23="Markup",$R23,IF($L23="Gross Margin",$S23,""))) | U23: =IF(OR($T23="",$Q23=""),"",IFERROR($T23-$Q23,"")) | V23: =IF(OR($U23="",$T23=""),"",IFERROR($U23/$T23,"")) | W23: =IF(OR($U23="",$Q23=""),"",IFERROR($U23/$Q23,"")) | X23: =IF(COUNTA($A23:$N23)=0,"",IF(OR($A23="",$B23="",$C23="",$D23="",$E23="",$F23="",$G23="",$H23="",$I23="",$J23="",$K23="",$L23="",$M23="",$N23=""),"Check inputs",IF(OR($F23<=0,$M23<$AG$8,$N23<0),"Check cost inputs",IF($T23="","Check pricing",IF($V23<$AG$10,"Margin check",""))))) | Z23: ="" | AA23: ="" | AB23: ="" | AC23: ="" | AE23: ="" | AG23: =""
O24: =IF(OR($F24="",$M24=""),"",IFERROR($F24*$M24,"")) | P24: =IF(OR($N24="",$K24=""),"",IFERROR($N24*VLOOKUP($K24,Assumptions!$A$5:$E$7,4,FALSE),"")) | Q24: =IF(OR($O24="",$P24=""),"",IFERROR($O24+$P24,"")) | R24: =IF(OR($O24="",$P24="",$K24=""),"",IFERROR($O24*(1+VLOOKUP($K24,Assumptions!$A$5:$E$7,2,FALSE))+$P24*(1+VLOOKUP($K24,Assumptions!$A$5:$E$7,5,FALSE)),"")) | S24: =IF(OR($Q24="",$K24=""),"",IFERROR($Q24/(1-VLOOKUP($K24,Assumptions!$A$5:$E$7,3,FALSE)),"")) | T24: =IF(OR($L24="",$R24="",$S24=""),"",IF($L24="Markup",$R24,IF($L24="Gross Margin",$S24,""))) | U24: =IF(OR($T24="",$Q24=""),"",IFERROR($T24-$Q24,"")) | V24: =IF(OR($U24="",$T24=""),"",IFERROR($U24/$T24,"")) | W24: =IF(OR($U24="",$Q24=""),"",IFERROR($U24/$Q24,"")) | X24: =IF(COUNTA($A24:$N24)=0,"",IF(OR($A24="",$B24="",$C24="",$D24="",$E24="",$F24="",$G24="",$H24="",$I24="",$J24="",$K24="",$L24="",$M24="",$N24=""),"Check inputs",IF(OR($F24<=0,$M24<$AG$8,$N24<0),"Check cost inputs",IF($T24="","Check pricing",IF($V24<$AG$10,"Margin check",""))))) | Z24: ="" | AA24: ="" | AB24: ="" | AC24: ="" | AE24: ="" | AG24: =""
O25: =IF(OR($F25="",$M25=""),"",IFERROR($F25*$M25,"")) | P25: =IF(OR($N25="",$K25=""),"",IFERROR($N25*VLOOKUP($K25,Assumptions!$A$5:$E$7,4,FALSE),"")) | Q25: =IF(OR($O25="",$P25=""),"",IFERROR($O25+$P25,"")) | R25: =IF(OR($O25="",$P25="",$K25=""),"",IFERROR($O25*(1+VLOOKUP($K25,Assumptions!$A$5:$E$7,2,FALSE))+$P25*(1+VLOOKUP($K25,Assumptions!$A$5:$E$7,5,FALSE)),"")) | S25: =IF(OR($Q25="",$K25=""),"",IFERROR($Q25/(1-VLOOKUP($K25,Assumptions!$A$5:$E$7,3,FALSE)),"")) | T25: =IF(OR($L25="",$R25="",$S25=""),"",IF($L25="Markup",$R25,IF($L25="Gross Margin",$S25,""))) | U25: =IF(OR($T25="",$Q25=""),"",IFERROR($T25-$Q25,"")) | V25: =IF(OR($U25="",$T25=""),"",IFERROR($U25/$T25,"")) | W25: =IF(OR($U25="",$Q25=""),"",IFERROR($U25/$Q25,"")) | X25: =IF(COUNTA($A25:$N25)=0,"",IF(OR($A25="",$B25="",$C25="",$D25="",$E25="",$F25="",$G25="",$H25="",$I25="",$J25="",$K25="",$L25="",$M25="",$N25=""),"Check inputs",IF(OR($F25<=0,$M25<$AG$8,$N25<0),"Check cost inputs",IF($T25="","Check pricing",IF($V25<$AG$10,"Margin check",""))))) | Z25: ="" | AA25: ="" | AB25: ="" | AC25: ="" | AE25: ="" | AG25: =""
O26: =IF(OR($F26="",$M26=""),"",IFERROR($F26*$M26,"")) | P26: =IF(OR($N26="",$K26=""),"",IFERROR($N26*VLOOKUP($K26,Assumptions!$A$5:$E$7,4,FALSE),"")) | Q26: =IF(OR($O26="",$P26=""),"",IFERROR($O26+$P26,"")) | R26: =IF(OR($O26="",$P26="",$K26=""),"",IFERROR($O26*(1+VLOOKUP($K26,Assumptions!$A$5:$E$7,2,FALSE))+$P26*(1+VLOOKUP($K26,Assumptions!$A$5:$E$7,5,FALSE)),"")) | S26: =IF(OR($Q26="",$K26=""),"",IFERROR($Q26/(1-VLOOKUP($K26,Assumptions!$A$5:$E$7,3,FALSE)),"")) | T26: =IF(OR($L26="",$R26="",$S26=""),"",IF($L26="Markup",$R26,IF($L26="Gross Margin",$S26,""))) | U26: =IF(OR($T26="",$Q26=""),"",IFERROR($T26-$Q26,"")) | V26: =IF(OR($U26="",$T26=""),"",IFERROR($U26/$T26,"")) | W26: =IF(OR($U26="",$Q26=""),"",IFERROR($U26/$Q26,"")) | X26: =IF(COUNTA($A26:$N26)=0,"",IF(OR($A26="",$B26="",$C26="",$D26="",$E26="",$F26="",$G26="",$H26="",$I26="",$J26="",$K26="",$L26="",$M26="",$N26=""),"Check inputs",IF(OR($F26<=0,$M26<$AG$8,$N26<0),"Check cost inputs",IF($T26="","Check pricing",IF($V26<$AG$10,"Margin check",""))))) | Z26: ="" | AA26: ="" | AB26: ="" | AC26: ="" | AE26: ="" | AG26: =""
O27: =IF(OR($F27="",$M27=""),"",IFERROR($F27*$M27,"")) | P27: =IF(OR($N27="",$K27=""),"",IFERROR($N27*VLOOKUP($K27,Assumptions!$A$5:$E$7,4,FALSE),"")) | Q27: =IF(OR($O27="",$P27=""),"",IFERROR($O27+$P27,"")) | R27: =IF(OR($O27="",$P27="",$K27=""),"",IFERROR($O27*(1+VLOOKUP($K27,Assumptions!$A$5:$E$7,2,FALSE))+$P27*(1+VLOOKUP($K27,Assumptions!$A$5:$E$7,5,FALSE)),"")) | S27: =IF(OR($Q27="",$K27=""),"",IFERROR($Q27/(1-VLOOKUP($K27,Assumptions!$A$5:$E$7,3,FALSE)),"")) | T27: =IF(OR($L27="",$R27="",$S27=""),"",IF($L27="Markup",$R27,IF($L27="Gross Margin",$S27,""))) | U27: =IF(OR($T27="",$Q27=""),"",IFERROR($T27-$Q27,"")) | V27: =IF(OR($U27="",$T27=""),"",IFERROR($U27/$T27,"")) | W27: =IF(OR($U27="",$Q27=""),"",IFERROR($U27/$Q27,"")) | X27: =IF(COUNTA($A27:$N27)=0,"",IF(OR($A27="",$B27="",$C27="",$D27="",$E27="",$F27="",$G27="",$H27="",$I27="",$J27="",$K27="",$L27="",$M27="",$N27=""),"Check inputs",IF(OR($F27<=0,$M27<$AG$8,$N27<0),"Check cost inputs",IF($T27="","Check pricing",IF($V27<$AG$10,"Margin check",""))))) | Z27: ="" | AA27: ="" | AB27: ="" | AC27: ="" | AE27: ="" | AG27: =""
... O105: =IF(OR($F105="",$M105=""),"",IFERROR($F105*$M105,"")) | P105: =IF(OR($N105="",$K105=""),"",IFERROR($N105*VLOOKUP($K105,Assumptions!$A$5:$E$7,4,FALSE),"")) | Q105: =IF(OR($O105="",$P105=""),"",IFERROR($O105+$P105,"")) | R105: =IF(OR($O105="",$P105="",$K105=""),"",IFERROR($O105*(1+VLOOKUP($K105,Assumptions!$A$5:$E$7,2,FALSE))+$P105*(1+VLOOKUP($K105,Assumptions!$A$5:$E$7,5,FALSE)),"")) | S105: =IF(OR($Q105="",$K105=""),"",IFERROR($Q105/(1-VLOOKUP($K105,Assumptions!$A$5:$E$7,3,FALSE)),"")) | T105: =IF(OR($L105="",$R105="",$S105=""),"",IF($L105="Markup",$R105,IF($L105="Gross Margin",$S105,""))) | U105: =IF(OR($T105="",$Q105=""),"",IFERROR($T105-$Q105,"")) | V105: =IF(OR($U105="",$T105=""),"",IFERROR($U105/$T105,"")) | W105: =IF(OR($U105="",$Q105=""),"",IFERROR($U105/$Q105,"")) | X105: =IF(COUNTA($A105:$N105)=0,"",IF(OR($A105="",$B105="",$C105="",$D105="",$E105="",$F105="",$G105="",$H105="",$I105="",$J105="",$K105="",$L105="",$M105="",$N105=""),"Check inputs",IF(OR($F105<=0,$M105<$AG$8,$N105<0),"Check cost inputs",IF($T105="","Check pricing",IF($V105<$AG$10,"Margin check",""))))) | Z105: ="" | AA105: ="" | AB105: ="" | AC105: ="" | AE105: ="" | AG105: =""

Sheet Assumptions
A1: HVAC Equipment Markup Calculator Assumptions
A2: Illustrative editable assumptions and lists; review costs and pricing for each quote.
A4: Scenario | B4: Equipment Markup | C4: Target Gross Margin | D4: Labor Cost / Hour | E4: Labor Markup | F4: Equipment Margin Equivalent | G4: Status | H4: Unit | I4: Responsibility | J4: Pricing Basis | K4: Technician
A5: Low Markup | B5: 0.18 | C5: 0.28 | D5: 34 | E5: 0.2 | F5: =IFERROR(B5/(1+B5),"") | G5: Draft | H5: each | I5: Contractor | J5: Markup | K5: Fictional Tech Alpha
A6: Standard | B6: 0.28 | C6: 0.35 | D6: 38 | E6: 0.3 | F6: =IFERROR(B6/(1+B6),"") | G6: Review | H6: set | I6: Customer | J6: Gross Margin | K6: Fictional Tech Beta
A7: High Markup | B7: 0.4 | C7: 0.42 | D7: 42 | E7: 0.4 | F7: =IFERROR(B7/(1+B7),"") | G7: Quoted | H7: ft | I7: Shared | K7: Fictional Tech Gamma
F8: ="" | G8: Accepted | H8: ton | K8: Fictional Tech Delta
F9: ="" | G9: Declined | H9: MBH
F10: ="" | G10: On Hold
A11: Validation Limit | B11: Editable Value | F11: =""
A12: Minimum Quote Date | B12: 45658 | F12: =""
A13: Maximum Quote Date | B13: 46641 | F13: =""
A14: Maximum Quantity | B14: 100 | F14: =""
A15: Maximum Labor Hours | B15: 500 | F15: =""
A16: Minimum Unit Cost | B16: 0.01 | F16: =""
A17: Maximum Unit Cost | B17: 100000 | F17: =""
A18: Gross Margin Alert Floor | B18: 0.2 | F18: =""
